 Dungeon Crawl Stone Soup version 0.16-a0-77-g708f960 (webtiles) character file.

59472 Ololoev the Geomancer (level 14, -1/92 HPs)
             Began as a Gargoyle Earth Elementalist on Aug 8, 2014.
             Was a High Priest of Vehumet.
             Slain by a wolf spider (2 damage)
             ... on Level 8 of the Lair of Beasts.
             The game lasted 02:51:33 (31850 turns).

Ololoev the Geomancer (GrEE)                       Turns: 31850, Time: 02:51:33

HP  -1/92        AC 17     Str 13      XL: 14   Next: 95%
MP  12/34        EV  9     Int 20      God: Vehumet [*****.]
Gold 594         SH 11     Dex 10      Spells:  6 memorised, 16 levels left

rFire  + . .     SeeInvis .     J - +3 morningstar (freeze)
rCold  . . .     Clarity  .     r - +3 leather armour
rNeg   + . .     rCorr    .     b - +1 shield
rPois  +         rRot     +     (no helmet)
rElec  +         Spirit   .     (no cloak)
SustAb .         Warding  .     Q - +0 pair of gloves
rMut   .         Stasis   .     c - +0 pair of boots
Gourm  .                        (no amulet)
MR     ++...                    G - ring of protection from magic
                                e - ring of wizardry

@: hasted, very quick, very resistant to hostile enchantments, unstealthy
A: able to fly continuously, big wings, fire resistance 1, negative energy
resistance 1, electricity resistance, unbreathing, petrification resistance, rot
immunity, AC +9
a: Fly, Renounce Religion


You were on level 8 of the Lair of Beasts.
You worshipped Vehumet.
Vehumet was extremely pleased with you.
You were very hungry.

You visited 3 branches of the dungeon, and saw 19 of its levels.

You collected 976 gold pieces.
You spent 382 gold pieces at shops.

Inventory:

Hand weapons
 J - a +3 morningstar of freezing (weapon)
Armour
 b - a +1 shield (worn)
 c - a +0 pair of boots (worn)
 r - a +3 leather armour (worn)
 I - a +2 robe of resistance
 Q - a +0 pair of gloves (worn)
Magical devices
 g - a wand of lightning (7)
 m - a wand of hasting (0)
 q - a wand of teleportation (2)
 t - a wand of disintegration (16)
 y - a wand of teleportation (7)
 A - a wand of teleportation (5)
 P - a wand of fireball (0)
Comestibles
 a - 4 bread rations
 p - 5 meat rations
 w - 3 chunks of polar bear flesh
 L - 29 fruits
 R - 2 slices of pizza
 T - a rotting chunk of crocodile flesh
 U - a rotting chunk of black mamba flesh
Scrolls
 i - a scroll of remove curse
 k - 2 scrolls of magic mapping
 l - a scroll of enchant weapon
 n - 3 scrolls of teleportation
 o - 2 scrolls of blinking
 x - 4 scrolls of fear
 B - a scroll of recharging
 C - 3 scrolls of enchant armour
 D - 2 scrolls of fog
 F - 4 scrolls of immolation
 H - a scroll of amnesia
Jewellery
 e - a ring of wizardry (left hand)
 G - a ring of protection from magic (right hand)
Potions
 f - 3 potions of cure mutation
 j - 3 potions of invisibility
 s - 2 potions of brilliance
 u - a potion of haste
 z - a potion of berserk rage
 E - 3 potions of cancellation
 K - 2 potions of agility
 M - a potion of heal wounds {unknown}
 N - 2 potions of restore abilities
 O - a potion of magic {unknown}
 S - a potion of curing
Books
 d - a book of Geomancy

   Spells                             Type                      Level
   Sandblast                          Earth                        1
   *Stoneskin                         Transmutation/Earth          2
   Passwall                           Transmutation/Earth          3
   *Stone Arrow                       Conjuration/Earth            3
   *Petrify                           Transmutation/Earth          4
   *Lee's Rapid Deconstruction        Earth                        5


   Skills:
 - Level 12.5 Fighting
 - Level 11.4 Maces & Flails
 - Level 1.5 Dodging
 - Level 2.1 Stealth
 - Level 8.3 Shields
 + Level 12.3 Spellcasting
 - Level 8.8 Conjurations
 - Level 0.7 Transmutations
 - Level 13.0 Earth Magic


You had 16 spell levels left.
You knew the following spells:

 Your Spells              Type           Power        Failure   Level  Hunger
a - Iron Shot             Conj/Erth      ######....   2%          6    ######.
b - Stone Arrow           Conj/Erth      ######       1%          3    None
c - Petrify               Trmt/Erth      #####...     4%          4    #......
d - Lee's Rapid Deconstr  Erth           ######....   1%          5    ###....
e - Stoneskin             Trmt/Erth      #####...     1%          2    None
f - Apportation           Tloc           ##........   6%          1    None


Dungeon Overview and Level Annotations

Branches:
Dungeon (10/15)            Temple (1/1) D:7            Lair (8/8) D:10
 Shoals (0/5) Lair:3       Spider (0/5) Lair:5        Slime (0/6) Lair:8
    Orc: D:9-12

Altars:
Ashenzari
Cheibriados
Dithmenos
Elyvilon
Fedhas
Gozag
Kikubaaqudgha
Makhleb
Nemelex Xobeh
Okawaru
Qazlal
Sif Muna
Trog
Vehumet
Xom
Yredelemnul
Zin
The Shining One

Shops:
D:5 ?


Innate Abilities, Weirdness & Mutations

You are resistant to torment.
You are immune to poison.
You can fly continuously.
Your stone body is very resilient (AC +9).
Your wings are large and strong.
You resist negative energy.
You are resistant to electric shocks.
You can survive without breathing.
You are immune to petrification.
You are immune to rotting.
Your flesh is heat resistant.


Message History

You block the black mamba's attack. You block the wolf spider's attack.
You block the wolf spider's attack.
The wolf spider hits you but does no damage.
The wolf spider bites you. The black mamba bites you!
* * * LOW HITPOINT WARNING * * *
Evoke which item? (* to show all) (? for menu, Esc to quit)
Okay, then.
Drink which item? (? for menu, Esc to quit)
You feel yourself speed up. The wolf spider barely misses you.
The wolf spider bites you.
* * * LOW HITPOINT WARNING * * *
You block the black mamba's attack.
The wolf spider hits you but does no damage.
The wolf spider bites you but does no damage.
You block the red wasp's attack. The black mamba bites you!
* * * LOW HITPOINT WARNING * * *
The wolf spider hits you!
* * * LOW HITPOINT WARNING * * *
The wolf spider bites you.
You die...

.###.....##.####.##....###.......
%..###... ########(..### ##......
.P...### ##..##..###. #......
..P....### #....####... #......
.........# #.P......... #.PP...
.?.......###...........$ #.P##..
.......###.#...%.### #.####.
.....###..(##..sSy.### #..# ##
...###.....####s@#...### ##..##
.###.....#..####.##:...###.P..#
.P......##./#..#.)##........P##
.PP....##%.##..##..##.....PP##
..P...##...#....#...##...PPP#
.....##...##....##...##......#
...###....#......#....###.P.##
...##....##......##... #.P.P.
.....P...#.PP..P..#...P ...P.P


You could see 2 wolf spiders, a red wasp and a black mamba.

Vanquished Creatures
  Snorg (Lair:4)
  5 hydras
  5 death yaks
  A catoblepas (Lair:8)
  The ghost of haldagan the Covert, an experienced OpAs (D:6)
  2 hill giants (D:10)
  3 griffons
  A guardian serpent (Lair:8)
  A feature mimic (Lair:5)
  3 mermaids (Lair:3)
  9 elephants (Lair:5)
  10 black mambas
  A torpor snail (Lair:3)
  Psyche (D:9)
  17 spiny frogs
  12 komodo dragons
  5 fire drakes
  A two-headed ogre (D:8)
  5 polar bears
  A merfolk (Lair:3)
  A troll (D:9)
  17 blink frogs
  A boulder beetle (Lair:3)
  A deep elf mage (D:10)
  5 basilisks
  A redback (Lair:8)
  Eustachio (D:8)
  4 wyverns
  8 hippogriffs
  A hill giant skeleton (D:9)
  A hungry ghost (D:10)
  77 yaks
  5 wolves (Lair:8)
  22 water moccasins
  11 porcupines
  5 sky beasts
  5 spiders (Lair:8)
  2 yellow wasps (Lair:8)
  2 ice beasts
  A phantom (D:10)
  3 black bears
  5 orc warriors
  4 ogres
  A necrophage (D:7)
  16 crocodiles
  A centaur (D:8)
  20 giant frogs
  3 big kobolds
  A brain worm (Lair:6)
  A water moccasin skeleton (D:6)
  7 scorpions
  5 wights (D:7)
  2 electric eels (Lair:2)
  6 crimson imps
  12 hounds
  5 orc priests
  4 goliath beetles
  5 jellies
  11 orc wizards
  13 worker ants
  7 iguanas
  18 sheep
  A sky beast zombie (D:8)
  A hound zombie (D:5)
  An ogre zombie (D:5)
  29 adders
  21 green rats
  5 gnolls
  3 giant mites
  An orc skeleton (D:8)
  6 shadow imps
  5 worms
  An ufetubus (D:8)
  An adder skeleton (D:9)
  4 giant geckos
  4 oozes (Lair:8)
  47 orcs
  19 bats
  22 hobgoblins
  15 jackals
  26 kobolds
  A ball python zombie (D:6)
  5 giant cockroaches
  6 giant newts
  2 giant spores
  9 goblins
  A goblin skeleton (D:4)
  A goblin zombie (D:5)
  A hobgoblin zombie (D:6)
  A kobold skeleton (D:6)
  4 orc zombies
  10 quokkas
  A quokka skeleton (D:6)
  18 rats
  2 ballistomycetes (D:9)
  A bush (D:5)
  A butterfly (Lair:1)
  5 fungi
  A plant (Lair:3)
688 creatures vanquished.

Vanquished Creatures (others)
  3 blink frogs (Lair:8)
  2 adders (Lair:8)
  21 fungi
  5 plants
31 creatures vanquished.

Grand Total: 719 creatures vanquished

Notes
Turn   | Place    | Note
--------------------------------------------------------------
     0 | D:1      | Ololoev, the Gargoyle Earth Elementalist, began the quest for the Orb.
     0 | D:1      | Reached XP level 1. HP: 10/10 MP: 3/3
     0 | D:1      | Noticed a spriggan
     0 | D:1      | Noticed a minotaur
     0 | D:1      | Noticed a minotaur
     1 | D:1      | Noticed a ghoul
     5 | D:1      | Noticed a ghoul
     7 | D:1      | Noticed a formicid
     8 | D:1      | Noticed a spriggan
    10 | D:1      | Noticed a troll
    10 | D:1      | Noticed a human
    13 | D:1      | Noticed a ghoul
    14 | D:1      | Noticed a vine stalker
    16 | D:1      | Noticed a vine stalker
    16 | D:1      | Noticed a dwarf
    18 | D:1      | Noticed a draconian
    18 | D:1      | Noticed a vine stalker
   154 | D:1      | Reached skill level 4 in Earth Magic
   386 | D:1      | Reached XP level 2. HP: 15/15 MP: 1/4
   632 | D:1      | Reached XP level 3. HP: 13/19 MP: 6/6
   791 | D:1      | Reached skill level 1 in Maces & Flails
  1130 | D:1      | Learned a level 3 spell: Stone Arrow
  1408 | D:2      | Reached skill level 5 in Earth Magic
  1714 | D:2      | Found an iron altar of Okawaru.
  1949 | D:2      | Reached XP level 4. HP: 24/24 MP: 7/7
  1998 | D:2      | Reached skill level 1 in Conjurations
  2458 | D:2      | Reached XP level 5. HP: 28/28 MP: 1/9
  2959 | D:3      | Found a sparkling altar of Nemelex Xobeh.
  3367 | D:3      | Reached XP level 6. HP: 32/32 MP: 2/11
  3489 | D:3      | Reached skill level 6 in Earth Magic
  3653 | D:4      | Found a bloodstained altar of Trog.
  4812 | D:5      | Entered Level 5 of the Dungeon
  4860 | D:5      | Reached XP level 7. HP: 36/36 MP: 2/14
  5609 | D:5      | Reached skill level 7 in Earth Magic
  5805 | D:5      | Found a deep blue altar of Sif Muna.
  6010 | D:5      | Found Kucun's Magic Scroll Boutique.
  6078 | D:5      | Bought a scroll of fear for 52 gold pieces
  6078 | D:5      | Bought a scroll of identify for 30 gold pieces
  6145 | D:5      | Reached skill level 5 in Maces & Flails
  6251 | D:6      | Reached XP level 8. HP: 39/41 MP: 6/18
  6618 | D:6      | Noticed haldagan's ghost (experienced OpAs)
  7092 | D:6      | Reached skill level 8 in Earth Magic
  7832 | D:6      | Reached XP level 9. HP: 34/45 MP: 2/20
  8009 | D:6      | Killed haldagan's ghost
  8009 | D:6      | Reached skill level 9 in Earth Magic
  9255 | D:7      | Found a staircase to the Ecumenical Temple.
  9264 | Temple   | Entered the Ecumenical Temple
  9500 | Temple   | Became a worshipper of Vehumet
  9639 | D:7      | Found a glowing silver altar of Zin.
 10042 | D:5      | Bought a scroll of brand weapon for 300 gold pieces
 10321 | D:8      | Reached skill level 10 in Earth Magic
 10373 | D:8      | Reached XP level 10. HP: 31/50 MP: 11/21
 10507 | D:8      | Learned a level 4 spell: Petrify
 10513 | D:8      | Learned a level 5 spell: Lee's Rapid Deconstruction
 10516 | D:8      | Learned a level 2 spell: Stoneskin
 10644 | D:8      | Reached skill level 10 in Maces & Flails
 10797 | D:8      | Acquired Vehumet's first power
 10797 | D:8      | Offered knowledge of Freeze by Vehumet.
 10841 | D:8      | Reached skill level 5 in Spellcasting
 10902 | D:8      | Found a glowing golden altar of the Shining One.
 11106 | D:8      | Noticed Eustachio
 11142 | D:8      | Killed Eustachio
 11262 | D:8      | Got a slimy mace
 11263 | D:8      | Identified the +6 mace of Nawoiw {crush, MR+} (You found it on level 8 of the Dungeon)
 12227 | D:9      | Offered knowledge of Throw Flame by Vehumet.
 12251 | D:9      | Reached skill level 1 in Shields
 12504 | D:9      | Noticed Psyche
 12516 | D:9      | Killed Psyche
 12516 | D:9      | Reached skill level 11 in Earth Magic
 13507 | D:10     | Entered Level 10 of the Dungeon
 13520 | D:10     | Noticed a hill giant
 13525 | D:9      | Reached skill level 5 in Shields
 13630 | D:10     | Offered knowledge of Static Discharge by Vehumet.
 13776 | D:10     | Noticed a hill giant
 13795 | D:10     | Killed a hill giant
 13795 | D:10     | Reached XP level 11. HP: 46/54 MP: 4/24
 14028 | D:10     | Found a staircase to the Lair.
 14234 | D:10     | Acquired Vehumet's second power
 14379 | D:10     | Killed a hill giant
 14487 | Lair:1   | Entered Level 1 of the Lair of Beasts
 14782 | Lair:1   | Reached skill level 12 in Earth Magic
 14896 | Lair:1   | Offered knowledge of Iskenderun's Mystic Blast by Vehumet.
 15203 | Lair:1   | Reached skill level 1 in Fighting
 15599 | Lair:1   | Reached skill level 5 in Fighting
 16662 | Lair:2   | Acquired Vehumet's third power
 16662 | Lair:2   | Reached XP level 12. HP: 46/71 MP: 3/25
 17666 | Lair:3   | Offered knowledge of Airstrike by Vehumet.
 18009 | Lair:3   | Found a shimmering altar of Xom.
 18419 | Lair:3   | Found a staircase to the Shoals.
 19278 | Lair:3   | Noticed a five-headed hydra
 19937 | Lair:3   | Reached skill level 10 in Fighting
 20279 | Lair:3   | Killed a five-headed hydra
 21179 | Lair:4   | Got a pitted leather armour
 21191 | Lair:4   | Identified the cursed -2 leather armour "Qempeaze" {rF+} (You found it on level 4 of the Lair of Beasts)
 21253 | Lair:4   | Reached XP level 13. HP: 84/84 MP: 12/29
 21445 | Lair:4   | Gained mutation: Your flesh is heat resistant. [potion of beneficial mutation]
 21827 | Lair:4   | Noticed Snorg
 21875 | Lair:4   | HP: 4/85 [Snorg (14)]
 21910 | Lair:4   | Killed Snorg
 21910 | Lair:4   | Offered knowledge of Iron Shot by Vehumet.
 21919 | Lair:4   | Learned a level 6 spell: Iron Shot
 23834 | Lair:5   | Found a hole to the Spider Nest.
 25025 | Lair:4   | HP: 1/87 [death yak (16)]
 25655 | Lair:5   | Reached skill level 13 in Earth Magic
 26036 | Lair:5   | Reached skill level 5 in Conjurations
 26459 | Lair:6   | Gained mutation: Your wings are large and strong. [gargoyle growth]
 26459 | Lair:6   | Reached XP level 14. HP: 83/92 MP: 29/31
 28109 | Lair:7   | Offered knowledge of Bolt of Magma by Vehumet.
 28272 | Lair:7   | Reached skill level 10 in Spellcasting
 29357 | Lair:8   | Entered Level 8 of the Lair of Beasts
 31622 | Lair:8   | Found a staircase to the Slime Pits.
 31750 | Lair:8   | Learned a level 1 spell: Apportation
 31850 | Lair:8   | HP: 1/92 [wolf spider (13)]
 31850 | Lair:8   | Slain by a wolf spider

Action                   |  1- 3 |  4- 6 |  7- 9 | 10-12 | 13-15 || total
-------------------------+-------+-------+-------+-------+-------++-------
Melee: Unarmed           |    45 |       |       |       |       ||    45
       Whip              |    69 |    55 |       |       |       ||   124
       Flail             |       |    50 |   388 |       |       ||   438
       Morningstar       |       |       |    44 |   283 |   495 ||   822
       Mace              |       |       |       |   270 |       ||   270
 Cast: Sandblast         |    37 |    16 |     7 |       |       ||    60
       Stone Arrow       |     3 |    31 |   116 |   219 |   259 ||   628
       Lee's Rapid Decon |       |       |       |    59 |    35 ||    94
       Petrify           |       |       |       |    59 |    35 ||    94
       Stoneskin         |       |       |       |     7 |     4 ||    11
       Iron Shot         |       |       |       |       |    66 ||    66
Evoke: Wand              |       |    13 |    13 |     2 |     8 ||    36
  Use: Scroll            |       |       |     8 |    26 |     9 ||    43
       Potion            |       |       |       |       |     6 ||     6
 Stab: Sleeping          |     2 |     1 |     1 |     1 |       ||     5
       Distracted        |       |       |     1 |       |       ||     1
       Petrifying        |       |       |       |     4 |       ||     4
       Petrified         |       |       |       |     7 |     5 ||    12
  Eat: Chunk             |     4 |    13 |    18 |    53 |    57 ||   145
       Fruit             |       |       |     7 |     7 |     2 ||    16
       Meat ration       |       |       |     1 |       |       ||     1
       Beef jerky        |       |       |       |     1 |     3 ||     4
       Pizza             |       |       |       |     1 |     1 ||     2
       Royal jelly       |       |       |       |     1 |       ||     1
